 Dungeon Crawl Stone Soup version 0.19.1 (webtiles) character file.

112 Peloso the Shield-Bearer (level 5, 0/36 HPs)
             Began as a Halfling Fighter on Dec 16, 2016.
             Slain by a scorpion (2 damage)
             ... on level 3 of the Dungeon.
             The game lasted 00:03:33 (1755 turns).

Peloso the Shield-Bearer (Halfling Fighter)         Turns: 1755, Time: 00:03:33

Health: 0/36       AC:  7    Str: 23    XL:     5   Next: 16%
Magic:  5/5        EV: 10    Int:  6    God:
Gold:   116        SH: 10    Dex: 14    Spells: 0 memorised, 4 levels left

rFire  . . .     SeeInvis .     a - +0 long sword
rCold  . . .     Gourm    .     b - +0 scale mail
rNeg   . . .     Faith    .     c - +0 shield
rPois  .         Spirit   .     (no helmet)
rElec  .         Reflect  .     (no cloak)
rCorr  .         Harm     .     (no gloves)
MR     .....                    (no boots)
Stlth  ..........               (no amulet)
                                (no ring)
                                n - ring of flight

@: mighty, lethally poisoned (0 -> -6)
A: mutation resistance 1
a: Evoke Flight


You were on level 3 of the Dungeon.
You were not hungry.

You visited 1 branch of the dungeon, and saw 3 of its levels.

You collected 116 gold pieces.

Inventory:

Hand Weapons
 a - a +0 long sword (weapon)
 m - a +3 short sword of venom
Armour
 b - a +0 scale mail (worn)
 c - a +0 shield (worn)
Jewellery
 n - a ring of flight (left hand)
Scrolls
 e - 3 scrolls of identify {unknown}
 g - a scroll of immolation {unknown}
 l - 2 scrolls of magic mapping {unknown}
 p - a scroll of enchant weapon {unknown}
 q - a scroll of blinking {unknown}
Potions
 h - 2 potions of flight {unknown}
 i - a potion of agility {unknown}
 k - a potion of cure mutation {unknown}
 r - a potion of curing {unknown}
Comestibles
 f - 2 bread rations
 j - 2 chunks of flesh
 o - a slice of pizza


   Skills:
 + Level 3.1 Fighting
 + Level 3.2 Long Blades
 + Level 4.0 Armour
 + Level 0.7 Dodging
 + Level 4.1 Shields


You had 4 spell levels left.
You didn't know any spells.

Dungeon Overview and Level Annotations

Branches:
Dungeon (2/15)

Altars:


Innate Abilities, Weirdness & Mutations

You are small and have problems with some larger weapons.
You are somewhat resistant to further mutation.


Message History

You kill Ijyb!
Your Armour skill increases to level 4!
You have reached level 5!
You feel agile.
* * * LOW HITPOINT WARNING * * *
You feel sick.
The scorpion stings you but does no damage.
Your shield and scale mail prevent you from hitting the scorpion.
The scorpion is heavily wounded.
* * * LOW HITPOINT WARNING * * *
You feel sick. The scorpion closely misses you.
You closely miss the scorpion.
The scorpion is heavily wounded.
The scorpion barely misses you.
The scorpion stings you but does no damage.
You closely miss the scorpion.
The scorpion is heavily wounded.
* * * LOW HITPOINT WARNING * * *
You feel sick. The scorpion stings you.
You die...

..##..# ...
....... .....
....... ....#
.......## ...#
........# ...#
#......#.# ...#
#.....##.# ...##
##......#)#
....####.......s@#
)................#
)................#
#..........##..#.#
#.........(#.....#
.............(.###
.....#......#.##
....###....#..#
########<###.##


You could see a scorpion.

Vanquished Creatures
  Ijyb (D:3)
  A worker ant (D:3)
  An adder (D:2)
  A gnoll (D:1)
  A worm (D:2)
  A dart slug (D:1)
  A leopard gecko (D:1)
  10 goblins
  5 hobgoblins
  A quokka (D:2)
  5 bats (D:1)
  6 frilled lizards
  4 kobolds
  4 rats
42 creatures vanquished.

Notes
Turn   | Place    | Note
-------+----------+-------------------------------------------
     0 | D:1      | Peloso the Halfling Fighter began the quest for the Orb.
     0 | D:1      | Reached XP level 1. HP: 15/15 MP: 1/1
   206 | D:1      | Reached XP level 2. HP: 19/20 MP: 2/2
   720 | D:1      | HP: 1/20 [gnoll/halberd (5)]
   721 | D:1      | Reached XP level 3. HP: 1/25 MP: 3/3
  1265 | D:2      | Reached XP level 4. HP: 13/31 MP: 4/4
  1536 | D:2      | You fall through a shaft!
  1735 | D:3      | Noticed Ijyb
  1752 | D:3      | Killed Ijyb
  1752 | D:3      | Reached XP level 5. HP: 6/36 MP: 5/5
  1755 | D:3      | Slain by a scorpion

Skill      XL: |  1  2  3  4 |
---------------+-------------+-----
Fighting       | 3 |  3.1
Shields        | 4 |  4.1
Long Blades    | 3 |  3.2
Armour         | 4 |  4.0
Dodging        | |  0.7

Action                   |  1- 3 |  4- 6 || total
-------------------------+-------+-------++-------
Melee: Long sword        |    81 |    55 ||   136
  Use: Potion            |       |     1 ||     1
  Eat: Chunk             |     1 |     2 ||     3
Armor: Scale mail        |    28 |    22 ||    50
Dodge: Dodged            |    36 |    27 ||    63
Block: Shield            |    51 |    30 ||    81
       Rpst.: Long sword |    11 |     6 ||    17
